 Dungeon Crawl Stone Soup version 0.30.1-9-gdf580d7c3d (webtiles) character file.

Game seed: 8174118616377220865

123 lonewolfV2 the Trooper (level 4, -2/38 HPs)
             Began as a Demonspawn Fighter on Oct 24, 2023.
             Splashed by a jelly's acid (9 damage)
             ... on level 4 of the Dungeon.
             The game lasted 00:03:24 (2629 turns).

lonewolfV2 the Trooper (Demonspawn Fighter)         Turns: 2629, Time: 00:03:25

Health: -2/38      AC: -7    Str: 18    XL:     4   Next: 79%
Magic:  4/4        EV: 11    Int: 10    God:
Gold:   180        SH:  4    Dex: 12    Spells: 3/3 levels left

rFire   . . .        a - +0 war axe (heavy)
rCold   . . .        c - +0 buckler
rNeg    . . .        b - +0 scale mail
rPois   .            (no helmet)
rElec   .            (no cloak)
rCorr   .            (no gloves)
SInv    .            m - +1 pair of boots
Will    .....        (no amulet) Stlth
                     (no ring)
HPRegen 0.26/turn    (no ring)
MPRegen 0.09/turn

%: no passive effects
@: corroded
A: repulsion field 1
a: no special abilities


You were on level 4 of the Dungeon.
You visited 1 branch of the dungeon, and saw 4 of its levels.

You collected 180 gold pieces.

Inventory:

Hand Weapons
 a - a +0 heavy war axe (weapon)
Armour
 b - a +0 scale mail (worn)
 c - a +0 buckler (worn)
 m - a +1 pair of boots (worn)
Scrolls
 e - 2 scrolls of identify
 f - 2 scrolls of poison
 i - a scroll of vulnerability {unknown}
 j - 4 scrolls of amnesia
Potions
 d - a potion of might
 g - 2 potions of heal wounds
 h - 2 potions of haste
 k - a potion of berserk rage {unknown}
 l - 2 potions of lignification
 q - 2 potions of invisibility


   Skills:
 * Level 4.4 Fighting
 + Level 2.7 Axes
 - Level 2.6 Armour
 + Level 3.4 Shields


You had 3 spell levels left.
You didn't know any spells.
Your spell library contained the following spells:

 Spells                   Type           Power      Damage    Failure   Level
 Blink                    Tloc           0%         N/A       93%         2
 Cigotuvi's Dreadful Rot  Necr/Pois/Air  0%         N/A       93%         2
 Lesser Beckoning         Tloc           0%         N/A       93%         2
 Momentum Strike          Conj/Tloc      0%         3d8       93%         2
 Agony                    Necr           0%         N/A       100%        5
 Simulacrum               Ice/Necr       0%         N/A       100%        6
 Haunt                    Necr/Summ      0%         N/A       100%        7


Dungeon Overview and Level Annotations

Branches:
Dungeon (4/15)
 Temple: D:4-7

Altars:
Kikubaaqudgha
Trog
Wu Jian


Innate Abilities, Weirdness & Mutations

You are surrounded by a mild repulsion field. (EV +2)


Message History

Done exploring.
There is a stone staircase leading down here.
You climb downwards.
Found a scroll labelled CELLOA QENOLA and a fuming purple potion.
There is a stone staircase leading up here.
Found 13 gold pieces, a leather armour and a scroll labelled KYAMUX JIUS.
Found a stone staircase leading down.
i - a scroll labelled CELLOA QENOLA
There is a stone staircase leading up here.
You see here a fuming purple potion.
The worm closely misses you.
You barely miss the worm. The worm bites you.
You slice the worm!!
You kill the worm!
You see here a worm corpse.
HP restored.
k - a fuming purple potion
There is a stone staircase leading up here.
A jelly comes into view.
Found a potion of might.
A jelly is nearby!
A jelly is nearby!
A jelly is nearby!
Found a stone staircase leading up.
The jelly hits you but does no damage.
You slash the jelly!
Your hands burn!
The jelly is heavily wounded.
You block the jelly's attack. The jelly hits you but does no damage.
You hit the jelly. The acid corrodes you!
Your hands burn!
The jelly is severely wounded.
The jelly hits you. The acid corrodes you!
You are splashed with acid!
The jelly completely misses you.
You hit the jelly but do no damage.
Your hands burn!
The jelly is severely wounded.
The jelly hits you. The acid corrodes you!
You are splashed with acid!
* * * LOW HITPOINT WARNING * * *
The jelly hits you.
* * * LOW HITPOINT WARNING * * *
The acid corrodes you!
You are splashed with acid!
You die...

.# .# ######.#
.. #.....!# .. .
#....?.# .# ..
###......#
.###.#
#<....[$.# .....
#...J@.# ...
###.#..#####.###
# #..#...†...#
#..#.....###.#
#...<........#
#..#.#########
#....#.#
#......#.#
#......#.#


You could see a jelly.

Vanquished Creatures
  4 adders
  2 worms
  A dart slug (D:2)
  3 orcs (D:3)
  7 endoplasms
  5 giant cockroaches
  8 goblins
  10 hobgoblins
  4 jackals (D:1)
  A quokka (D:1)
  7 ball pythons
  5 bats
  4 frilled lizards
  2 kobolds
  6 rats
69 creatures vanquished.

Notes
Turn   | Place    | Note
-------+----------+-------------------------------------------
     0 | D:1      | lonewolfV2 the Demonspawn Fighter began the quest for the
                  | Orb.
     0 | D:1      | Reached XP level 1. HP: 18/18 MP: 1/1
   171 | D:1      | Gained mutation: You are surrounded by a mild repulsion
                  | field. (EV +2) [demonic ancestry]
   171 | D:1      | Reached XP level 2. HP: 24/24 MP: 2/2
   699 | D:1      | Reached XP level 3. HP: 29/29 MP: 3/3
  1672 | D:2      | Reached skill level 4 in Fighting
  1676 | D:2      | Reached XP level 4. HP: 28/37 MP: 4/4
  1868 | D:3      | Found an ornate altar of the Wu Jian Council.
  1913 | D:3      | Found an ancient bone altar of Kikubaaqudgha.
  1913 | D:3      | Found a bloodstained altar of Trog.
  2264 | D:3      | Got the Thoughts on Evil
  2629 | D:4      | Splashed by a jelly's acid

Illustrated notes

Levels and vault maps discovered:
D:1:      minmay_arrival_diagonal_passages, layout_loops_ring, serial_glass,
          glass_columns_b, glass_columns_a, glass_columns_c, glass_columns_a,
          glass_columns_a, glass_columns_a, glass_columns_a, glass_columns_b
D:2:      minmay_chambers_of_twos, layout_basic
D:3:      layout_loops_ring, mainiacjoe_overflow_boulevard,
          grunt_temple_overflow_open
D:4:      layout_basic, serial_shops, shop

Skill      XL: |  1  2  3 |
---------------+----------+-----
Axes           | 2 |  2.7
Shields        | 3 |  3.4
Fighting       | 4 |  4.4
Armour         | |  2.6

Action                     |  1- 3 |  4- 6 || total
---------------------------+-------+-------++-------
  Melee: War axe           |   143 |    64 ||   207
    Use: Scroll            |       |    12 ||    12
 Armour: Scale mail        |    80 |    41 ||   121
  Dodge: Dodged            |    75 |    42 ||   117
  Block: Buckler           |    37 |    10 ||    47
